 Dungeon Crawl Stone Soup version 0.30.1-11-g7821555f0a (webtiles) character file.

Game seed: 640282862488006796

536 monsoonserge the Magician (level 7, -1/46 HPs)
             Began as a Djinni Venom Mage on Dec 1, 2023.
             Was an Initiate of Ashenzari.
             Slain by an iguana (3 damage)
             ... on level 5 of the Dungeon.
             The game lasted 00:12:02 (3612 turns).

monsoonserge the Magician (Djinni Venom Mage)       Turns: 3612, Time: 00:12:03

Health: -1/46      AC:  2    Str:  7    XL:     7   Next: 50%
Gold:   227        EV: 12    Int: 19    God:    Ashenzari [......] SH:  0 Dex: 13

rFire   + + .        g - +0 war axe
rCold   x . .        (no shield)
rNeg    . . .        a - +0 robe
rPois   ∞            (no helmet)
rElec   .            (no cloak)
rCorr   .            (no gloves)
SInv    .            (boots unavailable)
Will    +....        p - amulet of the acrobat
Stlth   ++           b - ring of willpower
HPRegen 0.27/turn    (no ring)
MPRegen 0.00/turn

%: acrobat, infuse magic (-2 HP)
@: flying
A: sickness immunity, fire resistance 2, cold vulnerability 1, float, innate
caster, HP casting, extra vitality 1
a: Renounce Religion


You were on level 5 of the Dungeon.
You worshipped Ashenzari.
Ashenzari was noncommittal.
You visited 2 branches of the dungeon, and saw 6 of its levels.

You collected 227 gold pieces.

Inventory:

Hand Weapons
 d - a +0 short sword
 g - a +0 war axe (weapon)
Missiles
 r - 6 boomerangs (quivered)
Armour
 a - a +0 robe (worn)
 k - a +0 ring mail
Magical Staves
 c - a staff of earth
Jewellery
 b - a ring of willpower (left hand)
 p - an amulet of the acrobat (around neck)
Scrolls
 f - 3 scrolls of teleportation {unknown}
 h - a scroll of torment {unknown}
 i - 4 scrolls of identify {unknown}
 l - 2 scrolls of amnesia {unknown}
 o - a scroll of blinking {unknown}
Potions
 e - 3 potions of heal wounds {unknown}
 j - a potion of flight {unknown}
 m - a potion of attraction {unknown}
 n - a potion of resistance {unknown}
 q - 2 potions of curing {unknown}


   Skills:
 + Level 0.8 Fighting
 + Level 1.0 Axes
 + Level 2.8 Dodging
 + Level 1.9 Stealth
 * Level 5.8 Spellcasting


You knew the following spells:

 Your Spells              Type           Power      Damage    Failure   Level
a - Sting                 Tmut/Pois      100%       1d8       1%          1
b - Poisonous Vapours     Pois/Air       54%        N/A       1%          2
c - Mephitic Cloud        Conj/Pois/Air  27%        N/A       3%          3
d - Olgreb's Toxic Radia  Pois           27%        N/A       11%         4
e - Magic Dart            Conj           100%       1d8       1%          1
f - Passwall              Tmut/Erth      22%        N/A       1%          2
g - Hailstorm             Conj/Ice       27%        3d7       3%          3
Your spell library was empty.

Dungeon Overview and Level Annotations

Branches:
Dungeon (5/15)             Temple (1/1) D:4

Altars:
Ashenzari
Cheibriados
Dithmenos
Elyvilon
Fedhas
Gozag
Hepliaklqana
Makhleb
Nemelex Xobeh
Qazlal
Ru
Trog
Uskayaw
Wu Jian
Xom
Yredelemnul
Zin

Shops:
D:1 :

Annotations:
D:1 1 runed translucent door


Innate Abilities, Weirdness & Mutations

You are immune to sickness and miasma.
You are immune to poison.
Your flesh is very heat resistant. (rF++)
You are vulnerable to cold. (rC-)
You float through the air rather than walking.
You learn spells naturally, not from books.
Your magical power is your life essence.
You have superior vitality. (+4 MHP)


Message History

The iguana is heavily wounded.
The iguana closely misses you.
The orc wizard hits the iguana but does no damage.
You barely miss the iguana.
The iguana is heavily wounded.
The iguana barely misses you.
The orc wizard hits the iguana but does no damage.
The iguana bites you!
The orc wizard barely misses itself.
You hit the iguana but do no damage.
The iguana is heavily wounded.
You kill the orc wizard!
The iguana bites you!
You hit the iguana.
The iguana is severely wounded.
The iguana bites you!
* * * LOW HITPOINT WARNING * * *
The iguana bites you!
* * * LOW HITPOINT WARNING * * *
Unknown command.
Casting: Hailstorm (dangerous; 3% risk of failure)
Confirm with . or Enter, or press ? or * to list all spells.
Aiming: Sting (safe; 1% risk of failure)
Press: ? - help, Shift-Dir - straight line, f - iguana
Aim: an iguana (severely wounded, 81% to hit)
The sting hits the iguana but does no damage.
The iguana is poisoned.
The iguana is severely wounded.
* * * LOW HITPOINT WARNING * * *
The iguana closely misses you.
Casting: Sting (safe; 1% risk of failure)
Confirm with . or Enter, or press ? or * to list all spells.
Aiming: Sting (safe; 1% risk of failure)
Press: ? - help, Shift-Dir - straight line, f/p - iguana
Aim: an iguana (severely wounded, poisoned, 81% to hit)
The sting hits the iguana but does no damage.
The iguana looks even sicker.
The iguana is severely wounded.
* * * LOW HITPOINT WARNING * * *
The iguana bites you.
You die...

### .. ### .#
##.#######.#####
##.#####........@l).).#
#......<..#####.#.).....
##.######## #...#######
#.....# ##...## ##.##
#.# #.#


You could see an iguana (very poisoned).

Vanquished Creatures
  An ogre (D:4)
  2 black bears (D:4)
  An orc priest (D:5)
  A hound (D:4)
  2 iguanas (D:4)
  An orc wizard (D:5)
  5 adders
  4 dart slugs
  8 orcs
  7 ball pythons
  10 endoplasms
  4 giant cockroaches
  4 goblins
  5 hobgoblins
  11 jackals
  2 quokkas
  3 frilled lizards
  3 kobolds
  5 rats
79 creatures vanquished.

Notes
Turn   | Place    | Note
-------+----------+-------------------------------------------
     0 | D:1      | monsoonserge the Djinni Venom Mage began the quest for the
                  | Orb.
     0 | D:1      | monsoonserge set off with the following spells memorised:
                  | Sting, Poisonous Vapours, Mephitic Cloud, Olgreb's Toxic
                  | Radiance.
     0 | D:1      | Reached XP level 1. HP: 15/15 MP: 0/0
     1 | D:1      | Found a runed translucent door.
   105 | D:1      | Reached XP level 2. HP: 12/21 MP: 0/0
   472 | D:1      | Reached skill level 3 in Spellcasting
   537 | D:1      | Found Keuneverph's Book Shop.
   542 | D:1      | Reached XP level 3. HP: 17/25 MP: 0/0
   542 | D:1      | Learned a level 1 spell: Magic Dart
  1351 | D:2      | Reached XP level 4. HP: 24/31 MP: 0/0
  2073 | D:4      | Noticed a black bear
  2131 | D:4      | Reached XP level 5. HP: 18/35 MP: 0/0
  2131 | D:4      | Learned a level 2 spell: Passwall
  2152 | D:3      | Reached skill level 4 in Spellcasting
  2233 | D:4      | Noticed an ogre
  2290 | D:4      | Killed a black bear
  2291 | D:4      | Reached XP level 6. HP: 25/41 MP: 0/0
  2410 | D:4      | Noticed a black bear
  2411 | D:4      | Found a staircase to the Ecumenical Temple.
  2616 | D:4      | Killed a black bear
  2621 | D:4      | Killed an ogre
  2622 | D:4      | Reached skill level 1 in Axes
  2622 | D:4      | Reached skill level 5 in Spellcasting
  2622 | D:4      | Reached XP level 7. HP: 18/46 MP: 0/0
  2622 | D:4      | Learned a level 3 spell: Hailstorm
  3069 | Temple   | Entered the Ecumenical Temple
  3416 | Temple   | Became a worshipper of Ashenzari the Shackled
  3588 | D:5      | Entered Level 5 of the Dungeon
  3612 | D:5      | Slain by an iguana

Illustrated notes

Levels and vault maps discovered:
D:1:      dpeg_arrival_caged_fury, layout_basic, serial_shops,
          nicolae_shop_just_a_little_nook
D:2:      layout_basic, chequers_serial_rivers_room_b
D:3:      layout_loops_ring
D:4:      layout_cave_pools, minmay_temple_entry_sparse_star
D:5:      layout_loops_corners
Temple:   mainiacjoe_temple_cubbyholes

Skill      XL: |  1  2  3  4  5  6 |
---------------+-------------------+-----
Spellcasting   | 3 4 5 |  5.8
Axes           | 1 |  1.0
Fighting       | |  0.8
Dodging        | |  2.8
Stealth        | |  1.9

Action                     |  1- 3 |  4- 6 |  7- 9 || total
---------------------------+-------+-------+-------++-------
  Melee: Short sword       |     6 |       |       ||     6
         War axe           |    19 |    10 |    18 ||    47
   Cast: Sting             |    41 |    42 |    14 ||    97
         Poisonous Vapours |    13 |    15 |     6 ||    34
         Magic Dart        |     8 |    12 |     3 ||    23
         Mephitic Cloud    |       |     6 |     3 ||     9
         Olgreb's Toxic Ra |       |       |     1 ||     1
         Hailstorm         |       |       |     1 ||     1
 Armour: Robe              |     6 |     4 |     1 ||    11
  Dodge: Dodged            |    37 |    27 |    19 ||    83
